 Dungeon Crawl Stone Soup version 0.31-a0-664-g902f515a81 (webtiles) character file.

Game seed: 10860357155055209115

1389161 EnegeticOcto the Stormcaller (level 27, 208/224 HPs)
             Began as a Human Hedge Wizard on Sept 2, 2023.
             Was a Follower of Yredelemnul.
             Escaped with the Orb
             ... and 3 runes!
             The game lasted 02:51:44 (99633 turns).

EnegeticOcto the Stormcaller (Human Hedge Wizard)  Turns: 99633, Time: 02:51:44

Health: 208/224    AC: 23    Str: 19    XL:     27
Magic:  37/56      EV: 20    Int: 32    God:    Yredelemnul [*.....]
Gold:   416        SH: 17    Dex: 16    Spells: 25/66 levels left

rFire   + . .        I - staff of air
rCold   + + +        L - +4 kite shield {AC+3}
rNeg    . . .        T - +4 ring mail of the Unseen Realm {rPois Int+3}
rPois   +            O - +1 helmet "Bipt" {Str+2 Int+3}
rElec   +            U - scarf {rC+ rF+}
rCorr   +            S - +3 pair of gloves of Xalil {rElec Dex+3}
SInv    .            h - +2 pair of boots {Fly}
Will    ++...        b - amulet of magic regeneration
Stlth   +            j - ring of Due Proportion {rCorr MP+9 Str+4 Slay+4}
HPRegen 0.57/turn    o - ring of the Monkey {rC++ EV+5}
MPRegen 0.75/turn

%: no passive effects
@: flying
A: deformed body
0: Orb of Zot
}: 3/15 runes: barnacled, silver, gossamer
a: Renounce Religion, Recall Undead Harvest


You escaped.
You worshipped Yredelemnul.
Yredelemnul was noncommittal.
You visited 10 branches of the dungeon, and saw 48 of its levels.
You visited the Abyss 1 time.
You also visited: Bailey.

You collected 9286 gold pieces.
You spent 8870 gold pieces at shops.

Inventory:

Hand Weapons
 w - the +9 flail "Coduhouw" {protect, Will+++ Str+6 Int-4 Dex+2}
   (You bought it in a shop on level 1 of the Elven Halls)

   Str+6:     It affects your strength (+6).
   Int-4:     It affects your intelligence (-4).
   Dex+2:     It affects your dexterity (+2).
   Will+++:   It greatly increases your willpower.
Missiles
 A - 5 throwing nets {!f}
 E - 8 darts of dispersal
 N - 13 curare-tipped darts
Armour
 h - a +2 pair of boots of flying (worn)
   (You found it on level 15 of the Dungeon)
 L - a +4 kite shield of protection (worn)
   (You took it off a tengu warrior on level 13 of the Dungeon)
 O - the +1 helmet "Bipt" (worn) {Str+2 Int+3}
   (You bought it in a shop on level 3 of the Depths)

   Str+2:     It affects your strength (+2).
   Int+3:     It affects your intelligence (+3).
 S - the +3 pair of gloves of Xalil (worn) {rElec Dex+3}
   (You found it on level 3 of the Vaults)

   Dex+3:     It affects your dexterity (+3).
   rElec:     It insulates you from electricity.
 T - the +4 ring mail of the Unseen Realm (worn) {rPois Int+3}
   (You found it on level 15 of the Dungeon)

   Int+3:     It affects your intelligence (+3).
   rPois:     It protects you from poison
 U - a scarf of resistance (worn)
   (You bought it in a shop on level 1 of the Elven Halls)
Magical Staves
 l - a staff of fire
   (You bought it in a shop on level 4 of the Shoals)
 I - a staff of air (weapon)
   (You found it on level 3 of the Elven Halls)
Jewellery
 b - an amulet of magic regeneration (around neck)
   (You found it on level 9 of the Dungeon)
 j - the ring of Due Proportion (left hand) {rCorr MP+9 Str+4 Slay+4}
   (You acquired it on level 4 of the Vaults)

   [ring of slaying]

   Str+4:     It affects your strength (+4).
   Slay+4:    It affects your accuracy & damage with ranged weapons and melee
   (+4).
   MP+9:      It affects your magic capacity (+9).
   rCorr:     It protects you from acid and corrosion.
 o - the ring of the Monkey (right hand) {rC++ EV+5}
   (You found it on level 5 of the Lair of Beasts)

   [ring of evasion]

   EV+5:      It affects your evasion (+5).
   rC++:      It greatly protects you from cold.
 u - a ring of the Octopus King {Wiz HP+2 AC+2 EV+2 SH+2}
   (You took it off a tengu reaver on level 5 of the Vaults)

   [ring of wizardry]

   Wiz:       It improves your spell success rate.
   AC+2:      It affects your AC (+2).
   EV+2:      It affects your evasion (+2).
   HP+2:      It affects your health (+2).
   SH+2:      It affects your SH (+2).
 F - a ring of protection from fire
   (You found it on level 4 of the Dungeon)
Wands
 K - a wand of quicksilver (15) {@v1}
   (You found it on level 12 of the Dungeon)
 P - a wand of charming (48)
   (You found it on level 9 of the Dungeon)
 Q - a wand of mindburst (30)
   (You found it on level 9 of the Dungeon)
 W - a wand of roots (13) {@v2}
   (You found it on level 3 of the Elven Halls)
 Y - a wand of polymorph (13)
   (You found it on level 1 of the Depths)
 Z - a wand of digging (6) {@v3}
   (You found it on level 2 of the Lair of Beasts)
Scrolls
 a - 5 scrolls of poison
 i - 7 scrolls of revelation {@r5 !r}
 k - 3 scrolls of fog {!r}
 x - a scroll of blinking {@r4}
 B - 2 scrolls of immolation
 C - 3 scrolls of fear {!r}
 D - 2 scrolls of silence {!r}
 J - 13 scrolls of teleportation {@r3 !r}
 X - 13 scrolls of vulnerability
Potions
 c - 5 potions of cancellation
 d - a potion of magic
 f - 10 potions of brilliance
 g - 6 potions of mutation
 n - 15 potions of curing {@q1 !q}
 p - 5 potions of ambrosia
 q - 14 potions of heal wounds {@q2 !q}
 r - 4 potions of invisibility
 s - 9 potions of attraction
 v - 9 potions of might {@q3 !q}
 z - 6 potions of lignification {@q6}
 G - 5 potions of haste {@q4 !q}
 H - 7 potions of berserk rage
 V - 3 potions of enlightenment
Miscellaneous
 e - a lightning rod (4/4)
   (You found it on level 5 of the Lair of Beasts)
 m - a phantom mirror
   (You found it on level 5 of the Vaults)
 t - a tin of tremorstones (2/2)
   (You found it on level 5 of the Vaults)
 y - a sack of spiders
   (You found it on level 5 of the Vaults)
 R - a phial of floods
   (You found it on level 14 of the Dungeon)


   Skills:
 - Level 20.0 Fighting
 - Level 14.0 Armour
 - Level 10.0 Dodging
 - Level 3.0 Stealth
 - Level 14.0 Shields
 - Level 20.0 Spellcasting
 - Level 10.0 Conjurations
 - Level 3.0 Summonings
 - Level 1.0 Translocations
 - Level 10.0 Fire Magic
 - Level 20.0 Air Magic
 - Level 1.0 Poison Magic
 + Level 19.0 Evocations


You had 25 spell levels left.
You knew the following spells:

 Your Spells              Type           Power      Damage    Failure   Level
a - Airstrike             Air            63%        2d(9-25)  0%          4
b - Maxwell's Capacitive  Air            63%        ∞         4%          8
c - Plasma Beam           Fire/Air       56%        2x1d72    1%          6
d - Arcjolt               Conj/Air       56%        1d66      1%          5
e - Mephitic Cloud        Conj/Pois/Air  98%        N/A       1%          3
f - Call Imp              Summ           100%       N/A       1%          2
g - Cigotuvi's Dreadful   Necr/Pois/Air  100%       N/A       1%          2
h - Apportation           Tloc           76%        N/A       1%          1
i - Vhi's Electric Charg  Tloc/Air       100%       N/A       1%          4
j - Iskenderun's Mystic   Conj/Tloc      61%        2d13      2%          4
Y - Blink                 Tloc           76%        N/A       2%          2

Your spell library contained the following spells:

 Spells                   Type           Power      Damage    Failure   Level
 Shock                    Conj/Air       100%       1d9       0%          1
 Static Discharge         Conj/Air       100%       2-7/arc   0%          2
 Swiftness                Air            100%       N/A       0%          3
 Foxfire                  Conj/Fire      100%       2x1d9     1%          1
 Magic Dart               Conj           100%       1d8       1%          1
 Momentum Strike          Conj/Tloc      100%       3d10      1%          2
 Poisonous Vapours        Pois/Air       100%       N/A       1%          2
 Scorch                   Fire           100%       2d9       1%          2
 Searing Ray              Conj           100%       2d8       1%          2
 Dazzling Flash           Conj/Hex       100%       N/A       1%          3
 Hailstorm                Conj/Ice       59%        3d13      1%          3
 Inner Flame              Hex/Fire       59%        N/A       1%          3
 Stone Arrow              Conj/Erth      100%       3d13      1%          3
 Volatile Blastmotes      Fire/Tloc      100%       2d18      1%          3
 Flame Wave               Conj/Fire      77%        2d17      1%          4
 Summon Lightning Spire   Summ/Air       100%       N/A       1%          4
 Fireball                 Conj/Fire      38%        3d16      1%          5
 Freezing Cloud           Conj/Ice/Air   48%        6-21      1%          5
 Iskenderun's Battlesphe  Conj           77%        2d13      1%          5
 Silence                  Hex/Air        48%        N/A       1%          5
 Conjure Ball Lightning   Conj/Air       56%        3x3d20    1%          6
 Freeze                   Ice            100%       1d10      2%          1
 Slow                     Hex            100%       N/A       2%          1
 Lesser Beckoning         Tloc           76%        N/A       2%          2
 Fulminant Prism          Conj/Hex       29%        3d14      3%          4
 Ensorcelled Hibernation  Hex/Ice        64%        N/A       4%          2
 Sublimation of Blood     Necr           32%        N/A       4%          2
 Wereblood                Tmut           32%        N/A       4%          2
 Starburst                Conj/Fire      38%        6d11      7%          6
 Frozen Ramparts          Ice            64%        1d10      8%          3
 Ozocubu's Armour         Ice            32%        N/A       8%          3
 Irradiate                Conj/Tmut      29%        3d21      10%         5
 Summon Ice Beast         Ice/Summ       41%        N/A       14%         4
 Anguish                  Hex/Necr       16%        N/A       26%         4
 Cause Fear               Hex            16%        N/A       26%         4
 Dispel Undead            Necr           32%        3d14      26%         4
 Leda's Liquefaction      Hex/Erth       16%        N/A       26%         4
 Petrify                  Tmut/Erth      32%        N/A       26%         4
 Summon Forest            Summ/Tloc      22%        N/A       32%         5
 Summon Mana Viper        Hex/Summ       41%        N/A       36%         5
 Orb of Destruction       Conj           38%        9d11      36%         7
 Leda's Unmaking          Conj/Erth      29%        9d5       45%         6
 Alistair's Intoxication  Tmut/Pois      23%        N/A       52%         5
 Agony                    Necr           32%        N/A       58%         5
 Borgnjor's Vile Clutch   Necr/Erth      16%        N/A       58%         5
 Lee's Rapid Deconstruct  Erth           16%        3d10*     58%         5
 Metabolic Englaciation   Hex/Ice        16%        N/A       58%         5
 Yara's Violent Unravell  Hex/Tmut       16%        3d8       58%         5
 Summon Cactus Giant      Summ           25%        N/A       75%         6
 Eringya's Noxious Bog    Tmut/Pois      17%        4d6       97%         6
 Chain Lightning          Conj/Air       56%        3d75      99%         9
 Enfeeble                 Hex            16%        N/A       100%        7
 Malign Gateway           Summ/Tloc      22%        N/A       100%        7
 Monstrous Menagerie      Summ           25%        N/A       100%        7
 Ozocubu's Refrigeration  Ice            16%        4d11      100%        7
 Summon Horrible Things   Summ           25%        N/A       100%        8
 Animate Dead             Necr           Unusable   N/A       N/A         4
 Death Channel            Necr           Unusable   N/A       N/A         6
 Simulacrum               Ice/Necr       Unusable   N/A       N/A         6

Dungeon Overview and Level Annotations

Branches:
Dungeon (15/15)            Temple (1/1) D:7            Lair (5/5) D:8
 Shoals (4/4) Lair:2       Spider (4/4) Lair:3        Slime (0/5) Lair:5
    Orc (2/2) D:9             Elf (3/3) Orc:2        Vaults (5/5) D:14
  Crypt (0/3) Vaults:2     Depths (4/4) D:15            Zot (5/5) Depths:4
 Bailey (visited)

Altars:
Ashenzari
Cheibriados
Dithmenos
Elyvilon
Fedhas
Gozag
Hepliaklqana
Kikubaaqudgha
Makhleb
Nemelex Xobeh
Okawaru
Qazlal
Ru
Sif Muna
Trog
Uskayaw
Vehumet
Wu Jian
Xom
Yredelemnul
Zin
The Shining One
Jiyva

Shops:
D:2 :   D:4 !   D:5 (   D:10 !   D:12 :   Orc:2 :*[(   Elf:1 *   Elf:2 !(
Elf:3 *:[[!?(   Shoals:4 *   Vaults:1 (   Vaults:2 (   Vaults:3 *   Zot:5 *
Depths:1 =*?!   Depths:2 *   Depths:3 :([[

Portals:
Hell: Depths:1 Depths:2 Depths:3 Depths:4
Abyss: Depths:2 Depths:3 Depths:4
Pandemonium: Depths:1 Depths:2
Ziggurat: Depths:4
Trove: Vaults:2 (give 6 scrolls of fear)

Annotations:
D:8 1 transporter
D:11 3 runed translucent doors, exclusion: 3 doors, blacky4's ghost, journeyman VSBr
Orc:1 2 transporters, Frosty's ghost, journeyman DrVM
Elf:2 3 runed translucent doors, exclusion: door
Depths:4 exclusion: orange crystal statue
Zot:5 exclusion: orange crystal statue


Innate Abilities, Weirdness & Mutations

Armour fits poorly on your strangely shaped body.


Message History

The bolt of lightning hits the demonspawn black sun!!!
The demonspawn black sun is almost dead.
The fiery plasma hits the soul eater!!
The soul eater is severely wounded.
The fiery plasma hits the demonspawn black sun!!!
You kill the demonspawn black sun!
You block the soul eater's attack.
Casting: Plasma Beam (mildly dangerous; 1% risk of failure)
Press: ? - help, Q - select action, (/) - cycle Dir - look around, f - activate You feel a surge of power!
The bolt of lightning hits the soul eater!!
You kill the soul eater!
A black mist starts to gather...
(D) Dungeon (T) Temple (L) Lair (A) Shoals (N) Spider Nest (M) Slime Pits (O) Orcish Mines (E) Elven Halls (V) Vaults (C) Crypt (U) Depths (H) Hell (Z) Zot
Where to? (Tab/Enter - D:1 @ (x,y), ? - help)
You swap places.
A lich comes into view.
The lich conjures a glowing orb.
An orb of destruction comes into view.
There is a stone staircase leading down here.
The orb of destruction hits your spectral soul eater!!!!
Your spectral soul eater is blown up!
You see here a +0 scale mail.
There is a stone staircase leading up here.
The lich casts a spell at you. You resist with some effort.
You fly upwards.
There is a stone staircase leading down here.
(D) Dungeon (T) Temple (L) Lair (A) Shoals (N) Spider Nest (M) Slime Pits (O) Orcish Mines (E) Elven Halls (V) Vaults (C) Crypt (U) Depths (H) Hell (Z) Zot
Where to? (Tab/Enter - D:1 @ (x,y), ? - help) Magic restored.
A reaper comes into view. It is wielding a +4 scythe of freezing.
Casting: Plasma Beam (mildly dangerous; 1% risk of failure)
Press: ? - help, Q - select action, (/) - cycle Dir - look around, f - activate You feel a surge of power!
The bolt of lightning hits the reaper!!!
The reaper is almost dead.
The fiery plasma hits the reaper!!!
You kill the reaper!
A black mist starts to gather...
Your Evocations skill increases to level 19!
Casting: Plasma Beam (mildly dangerous; 1% risk of failure)
Press: ? - help, Q - select action, (/) - cycle Dir - look around, f - activate You feel a surge of power!
Nothing appears to happen.
(D) Dungeon (T) Temple (L) Lair (A) Shoals (N) Spider Nest (M) Slime Pits (O) Orcish Mines (E) Elven Halls (V) Vaults (C) Crypt (U) Depths (H) Hell (Z) Zot
Where to? (Tab/Enter - D:1 @ (x,y), ? - help)
Things that are here:
a +0 scale mail; a +1 dagger of flaming You see here a +0 mace.
Things that are here:
a +0 robe; a +0 dagger
There is a stone staircase leading up here.
You fly upwards.
Your mindless puppet stays behind to rot.
Magic restored.
There is a stone staircase leading down here.
There is an escape hatch in the ceiling here.
There is a stone staircase leading up here.
You fly upwards.
There is a stone staircase leading down here.
An Orb Guardian comes into view.
Unknown command.
Casting: Plasma Beam (mildly dangerous; 1% risk of failure)
Press: ? - help, Q - select action, (/) - cycle Dir - look around, f - activate You feel a surge of power!
The bolt of lightning misses the Orb Guardian.
The fiery plasma misses the Orb Guardian.
You block the Orb Guardian's attack. x2
Casting: Plasma Beam (mildly dangerous; 1% risk of failure)
Press: ? - help, Q - select action, (/) - cycle Dir - look around, f - activate You feel a surge of power!
The bolt of lightning misses the Orb Guardian.
The fiery plasma hits the Orb Guardian.
The Orb Guardian is lightly wounded.
The Orb Guardian hits you!
Casting: Plasma Beam (mildly dangerous; 1% risk of failure)
Press: ? - help, Q - select action, (/) - cycle Dir - look around, f - activate You feel a surge of power!
The bolt of lightning misses the Orb Guardian.
The fiery plasma misses the Orb Guardian.
The Orb Guardian closely misses you. The Orb Guardian hits you!
Casting: Plasma Beam (mildly dangerous; 1% risk of failure)
Press: ? - help, Q - select action, (/) - cycle Dir - look around, f - activate You feel a surge of power!
The bolt of lightning hits the Orb Guardian!!!
The Orb Guardian is severely wounded.
The fiery plasma hits the Orb Guardian!!!
You kill the Orb Guardian!
The dead are walking!
There is a staircase leading out of the dungeon here.
You have escaped!

##.......######.##.......##
##.....####.......####.....##
##....###.............###....##
#....##.....#######.....##....##
##(..##....###.....###....#....##
#....#....##.........#..####....#
#...##...##...#####........##...#
#...#....#...##...######....#...#
#...#....#...#..@......#....#...#
#...#....#...##.Z.##...#....#...#
######...##...##.##...##...##...#
.....#....##.....#...##....#....#
.....##....###...#.###....##...##
......##.....#######.....##.)..##
###....###.............###....##.
.###.....####.......####.....##..
...##.......###.#####.......##..#


You could see a friendly Orb Guardian zombie.

Vanquished Creatures
  A pandemonium lord (Depths:4)
  3 dread liches (Zot:5)
  2 orbs of fire (Zot:5)
  3 ancient liches
  Mara (Shoals:4)
  2 juggernauts
  5 Killer Klowns (Zot:5)
  Frederick (Vaults:4)
  2 curse toes
  5 caustic shrikes
  Nikola (Shoals:4)
  7 golden dragons
  Norris (Vaults:1)
  3 bone dragons
  Arachne (Spider:2)
  2 electric golems (Zot:5)
  A Tzitzimitl (D:13)
  Rupert (Lair:4)
  A Hell Sentinel (D:15)
  6 tentacled monstrosities
  7 Orb Guardians
  Jorgrun (Shoals:1)
  Zenata (Elf:1)
  A walking divine tome (Depths:3)
  Asterion (Depths:2)
  3 liches
  6 titans
  2 deep elf blademasters (Elf:3)
  3 quicksilver dragons
  A deep elf master archer (Elf:3)
  2 death cobs
  9 sphinxes
  A kraken (Shoals:4)
  2 tentacled starspawn (Abyss:4)
  Kirke (D:12)
  8 storm dragons
  6 shadow dragons
  A revenant (Abyss:4)
  4 frost giants
  9 fire giants
  8 tengu reavers
  13 deep elf sorcerers
  A draconian knight (Zot:5)
  8 deep elf elementalists
  4 emperor scorpions
  2 iron dragons
  15 vault wardens
  2 draconian scorchers
  2 orc warlords
  A balrug (Depths:3)
  3 ghost moths
  A juggernaut zombie (Depths:2)
  A draconian shifter (Depths:4)
  12 stone giants
  13 very ugly things
  A formless jellyfish (Vaults:3)
  2 draconian stormcallers
  A reaper (D:3)
  2 draconian annihilators
  23 ironbound preservers
  3 ironbound thunderhulks
  7 deep elf demonologists
  A demonspawn black sun (D:4)
  6 green draconians
  A spriggan defender (Depths:2)
  A vampire knight (Depths:4)
  3 black draconians
  12 deep elf annihilators
  4 white draconians
  6 spark wasps
  4 purple draconians
  5 yellow draconians
  A lorocyproca (Abyss:4)
  A very ugly thing zombie (Depths:1)
  4 dire elephants (Vaults:2)
  7 red draconians
  10 ettins
  8 deep elf death magi
  5 merfolk javelineers
  An eidolon (Vaults:2)
  9 merfolk impalers
  6 fire dragons
  A jiangshi (Vaults:2)
  Josephine (Orc:1)
  12 yaktaur captains
  4 rakshasas
  2 entropy weavers (Spider:2)
  2 deep elf high priests (Elf:3)
  9 ice dragons
  26 vault guards
  6 great orbs of eyes
  8 merfolk avatars
  2 catoblepae
  An ogre mage (Vaults:5)
  2 sphinx zombies
  A radroach (Spider:4)
  An anaconda (shapeshifter) (D:15)
  4 spriggan air magi
  16 centaur warriors
  2 jorogumos
  5 hydras
  9 ironbound frosthearts
  3 satyrs
  2 two-headed ogres
  3 alligator snapping turtles
  9 boulder beetles
  5 merfolk aquamancers
  7 deep troll shamans
  14 dancing weapons
  4 deep troll earth magi
  2 vampire magi (Depths:2)
  10 death yaks
  7 demonic crawlers
  6 tengu warriors
  5 thrashing horrors
  A sun demon (Abyss:4)
  3 orc high priests
  6 spriggan berserkers
  9 hell knights
  12 deep elf knights
  Urug (D:10)
  A storm dragon zombie (Vaults:5)
  10 skysharks
  9 skeletal warriors
  A shadow wraith (D:14)
  A sixfirhy (Depths:2)
  Nergalle (Orc:1)
  2 sun moths
  3 soul eaters
  17 sea snakes
  A death drake (shapeshifter) (D:12)
  A shadow demon (Depths:2)
  6 iron trolls
  A spriggan rider (Depths:2)
  58 deep trolls
  A flayed ghost (Vaults:5)
  5 orb spiders
  4 glowing orange brains
  14 orc knights
  17 ironbound convokers
  10 wizards
  9 deep elf archers
  Pikel (D:8)
  A glowing orange brain (shapeshifter) (Depths:3)
  6 lindwurms
  3 necromancers
  5 steelbarb worms
  11 harpies
  3 phantasmal warriors (Vaults:5)
  24 deep elf pyromancers
  14 deep elf zephyrmancers
  18 manticores
  3 ugly thing zombies
  20 fauns
  An orc sorcerer (Orc:2)
  18 wolf spiders
  A manticore (shapeshifter) (Vaults:5)
  A fire giant zombie (Vaults:5)
  A draconian zombie (Depths:4)
  46 ugly things
  5 moths of wrath
  14 cyclopes
  8 water nymphs
  A guardian serpent (Abyss:4)
  A rust devil (Abyss:2)
  9 elephants (Lair:4)
  20 vault sentinels
  16 merfolk sirens
  5 black mambas
  A hellion (D:15)
  3 smoke demons
  A torpor snail (shapeshifter) (Vaults:5)
  A torpor snail (Spider:4)
  A white draconian zombie (Zot:3)
  A spectral rakshasa (Depths:2)
  An orange demon (Depths:2)
  3 unseen horrors
  An iron troll zombie (Depths:2)
  A spectral soul eater (Depths:3)
  A yellow draconian zombie (Zot:5)
  2 red draconian zombies
  2 freezing wraiths (Vaults:5)
  2 kobold demonologists (Bailey)
  28 yaktaurs
  A black draconian zombie (Zot:3)
  21 cane toads
  3 rime drakes
  5 tengu conjurers
  9 komodo dragons
  2 efreet (D:14)
  An ice devil (Abyss:3)
  A guardian mummy (Vaults:2)
  3 ancient zymes (Abyss:4)
  9 meliai
  2 hellwings (Depths:2)
  33 merfolk
  3 trolls
  2 tyrant leeches (Lair:5)
  A red devil (Depths:1)
  2 harpy zombies (Vaults:4)
  A moth of wrath zombie (Zot:2)
  A queen bee (D:11)
  3 polar bears
  2 raiju
  A meliai (shapeshifter) (Elf:3)
  20 blink frogs (Lair:5)
  A fire dragon zombie (Depths:2)
  25 tarantellas
  8 wind drakes
  8 hornets
  16 dream sheep
  2 ettin zombies (Depths:2)
  2 ice dragon zombies (Depths:2)
  21 jumping spiders
  A slime creature (shapeshifter) (Vaults:5)
  16 snapping turtles
  Sigmund (D:4)
  22 culicivoras
  5 shadows
  32 slime creatures
  4 air elementals
  4 wraiths (Orc:1)
  2 large abominations
  2 spriggans
  16 water elementals
  A slime creature zombie (Vaults:3)
  9 wyverns
  7 hogs (D:12)
  2 neqoxecs
  31 redbacks
  5 basilisks
  5 fire elementals
  A steam dragon (D:8)
  50 yaks
  2 wargs (Orc:2)
  A warg (shapeshifter) (D:14)
  11 vampire mosquitoes
  9 human zombies
  2 tengu zombies
  8 deep troll zombies
  4 acid dragons
  16 water moccasins
  A spectral hellwing (Depths:2)
  A floating eye (Depths:1)
  A floating eye (shapeshifter) (Depths:4)
  2 hell hounds (Elf:1)
  2 black bears
  A sky beast (D:6)
  50 orc warriors
  3 orc zombies
  3 ice beasts
  A tengu (shapeshifter) (D:14)
  A centaur (D:12)
  5 ogres
  5 boggarts
  25 wolves
  A spectral neqoxec (Depths:2)
  A kobold brigand (D:9)
  4 yaktaur zombies
  18 bullfrogs
  5 scorpions
  5 wights
  19 killer bees
  4 howler monkeys
  10 electric eels
  5 crimson imps
  4 hounds
  A quasit (Abyss:3)
  A jelly (D:8)
  12 orc priests
  17 orc wizards
  3 iguanas
  Natasha (twice) (D:3)
  A killer bee simulacrum (D:8)
  9 adders
  10 gnolls
  5 white imps
  2 ufetubi (D:8)
  2 worms
  A dart slug (D:3)
  60 orcs
  3 endoplasms (D:1)
  3 giant cockroaches
  12 goblins
  8 hobgoblins
  4 jackals (D:2)
  5 quokkas
  7 ball pythons
  2 bats (D:1)
  2 frilled lizards (D:1)
  10 kobolds
  A rat (D:1)
  4 tentacles (Shoals:4)
1880 creatures vanquished.

Vanquished Creatures (collateral kills)
  A juggernaut (Depths:2)
  A golden dragon (Zot:2)
  A tentacled monstrosity (Zot:2)
  A lich (Depths:2)
  A quicksilver dragon (Vaults:5)
  2 Orb Guardians (Zot:5)
  A titan (Vaults:5)
  A death cob (Zot:5)
  2 tengu reavers
  A storm dragon (Vaults:5)
  A draconian monk (Zot:2)
  A draconian shifter (Zot:2)
  2 fire giants
  2 vault wardens (Vaults:5)
  A quicksilver ooze (shapeshifter) (Vaults:5)
  An orc warlord (Vaults:4)
  A stone giant (Depths:1)
  2 very ugly things
  A green draconian (Zot:2)
  A deep elf demonologist (Vaults:5)
  Azrael (Elf:1)
  A black draconian (Zot:2)
  2 white draconians (Zot:2)
  An ettin (Vaults:5)
  A yaktaur captain (Vaults:4)
  4 vault guards (Vaults:5)
  A hydra (shapeshifter) (Depths:3)
  An ironbound frostheart (Vaults:3)
  A deep troll shaman (Depths:3)
  A sun demon (Depths:3)
  5 deep trolls
  A phantasmal warrior (Vaults:5)
  An orc knight (Vaults:5)
  A faun (Shoals:2)
  7 ugly things
  A salamander (shapeshifter) (Depths:3)
  4 moths of wrath
  An apocalypse crab (Abyss:4)
  A vault sentinel (Vaults:5)
  A yaktaur (Vaults:4)
  A freezing wraith (Vaults:5)
  A hornet (Depths:1)
  3 slime creatures
  A fire elemental (Elf:1)
  A large abomination (Abyss:4)
  4 orc warriors
  3 ice beasts
  A bullfrog (D:8)
  5 wights (D:8)
  4 killer bees (D:9)
  A howler monkey (D:9)
  An electric eel (Bailey)
  3 orc priests
  Natasha (D:3)
  3 orc wizards
  A centaur simulacrum (D:8)
  A gnoll (D:1)
  A white imp (D:8)
  8 orcs
  A ball python (D:4)
  2 endoplasms
  4 goblins
  A quokka (D:1)
  2 bats (D:2)
  2 kobolds (D:9)
  An orc zombie (Vaults:5)
119 creatures vanquished.

Vanquished Creatures (others)
  A storm dragon (Vaults:5)
  2 spectral tentacled monstrosities
  A juggernaut zombie (Depths:3)
  2 Killer Klown zombies (Zot:5)
  A very ugly thing zombie (Depths:3)
  A quicksilver dragon zombie (Vaults:5)
  A sphinx zombie (Vaults:5)
  4 Orb Guardian zombies (Zot:5)
  A satyr (Shoals:2)
  A quicksilver ooze zombie (Vaults:5)
  A spectral sixfirhy (Depths:2)
  2 storm dragon zombies
  2 deep elf knights (Elf:1)
  A spectral lorocyproca (Abyss:4)
  6 golden dragon zombies
  2 shadow dragon zombies (Vaults:5)
  3 stone giant zombies
  5 ugly thing zombies
  5 tengu zombies
  5 fire giant zombies
  2 frost giant zombies
  A minotaur zombie (Depths:2)
  2 elf zombies
  3 orc zombies
  A torpor snail (Spider:3)
  A spectral soul eater (D:4)
  A purple draconian zombie (Depths:4)
  A spectral sun demon (Depths:3)
  2 yellow draconian zombies
  An unseen horror zombie (Depths:4)
  3 green draconian zombies
  A red draconian zombie (Zot:2)
  A black draconian zombie (Zot:2)
  A tengu conjurer (Depths:1)
  A hydra zombie (Depths:3)
  A harpy zombie (Vaults:4)
  3 moth of wrath zombies
  A fire dragon zombie (Depths:3)
  An ice dragon zombie (Depths:3)
  A raiju (Abyss:4)
  2 ettin zombies
  A boulder beetle zombie (Vaults:2)
  2 spriggan zombies
  A slime creature zombie (Vaults:2)
  10 deep troll zombies
  38 human zombies
  A spectral smoke demon (Abyss:4)
  An orc warrior (D:8)
  A lindwurm zombie (Vaults:4)
  A spectral neqoxec (Abyss:4)
  5 yaktaur zombies
  A boggart zombie (Depths:4)
  A starspawn tentacle (Abyss:4)
  5 tentacles (Shoals:4)
146 creatures vanquished.

Grand Total: 2145 creatures vanquished

Notes
Turn   | Place    | Note
-------+----------+-------------------------------------------
     0 | D:1      | EnegeticOcto the Human Hedge Wizard began the quest for the
                  | Orb.
     0 | D:1      | Reached XP level 1. HP: 13/13 MP: 4/4
   251 | D:1      | Reached skill level 2 in Summonings
   251 | D:1      | Reached XP level 2. HP: 17/19 MP: 1/6
   265 | D:1      | Learned a level 2 spell: Call Imp
   268 | D:1      | Learned a level 2 spell: Blink
   271 | D:1      | Learned a level 2 spell: Cigotuvi's Dreadful Rot
   726 | D:1      | Found a faded altar of an unknown god.
   747 | D:1      | Reached XP level 3. HP: 24/24 MP: 7/7
   808 | D:1      | Reached skill level 3 in Summonings
  1458 | D:2      | Found Lezy's Book Boutique.
  1636 | D:2      | Reached XP level 4. HP: 30/30 MP: 2/8
  1648 | D:2      | Reached skill level 3 in Stealth
  1724 | D:2      | Reached skill level 1 in Fighting
  2198 | D:3      | Noticed Natasha
  2381 | D:3      | Reached skill level 2 in Fighting
  2381 | D:3      | Reached XP level 5. HP: 38/38 MP: 5/9
  2387 | D:2      | Learned a level 3 spell: Mephitic Cloud
  3467 | D:4      | Found a shimmering altar of Xom.
  3487 | D:4      | Reached skill level 1 in Air Magic
  3487 | D:4      | Reached skill level 1 in Poison Magic
  3487 | D:4      | Reached XP level 6. HP: 43/44 MP: 11/11
  3729 | D:4      | Noticed a black bear
  3777 | D:4      | Reached skill level 2 in Conjurations
  3921 | D:4      | Reached skill level 2 in Air Magic
  3936 | D:4      | Reached skill level 4 in Spellcasting
  3940 | D:4      | Found Saged's Distillery.
  3949 | D:4      | Bought a potion of curing for 36 gold pieces
  3949 | D:4      | Bought a potion of heal wounds for 60 gold pieces
  3949 | D:4      | Bought a potion of degeneration for 12 gold pieces
  4115 | D:4      | Reached XP level 7. HP: 50/50 MP: 6/13
  4386 | D:4      | Reached skill level 3 in Conjurations
  4486 | D:4      | Noticed Sigmund
  4511 | D:4      | Killed Sigmund
  4512 | D:4      | Reached skill level 3 in Air Magic
  4776 | D:5      | Entered Level 5 of the Dungeon
  4785 | D:5      | Found Pekkur's Antique Weapon Boutique.
  4789 | D:5      | Noticed a hornet
  5007 | D:5      | Reached skill level 4 in Conjurations
  5007 | D:5      | Reached skill level 4 in Air Magic
  5205 | D:5      | Reached XP level 8. HP: 56/57 MP: 10/14
  5210 | D:5      | Reached skill level 3 in Fighting
  5390 | D:5      | Reached skill level 4 in Fighting
  6100 | D:3      | Reached skill level 5 in Fighting
  6160 | D:3      | Killed Natasha
  6354 | D:3      | Noticed Natasha
  6367 | D:3      | Killed Natasha
  6487 | D:3      | Noticed Natasha
  6494 | D:3      | Killed Natasha
  6728 | D:4      | Reached skill level 5 in Conjurations
  7097 | D:6      | Reached skill level 6 in Conjurations
  7097 | D:6      | Reached skill level 1 in Evocations
  7097 | D:6      | Reached XP level 9. HP: 54/68 MP: 12/15
  7262 | D:6      | Reached skill level 2 in Evocations
  7606 | D:6      | Reached skill level 3 in Evocations
  7961 | D:7      | Found a shadowy altar of Dithmenos.
  7965 | D:7      | Found a sparkling altar of Nemelex Xobeh.
  8024 | D:7      | Reached skill level 5 in Spellcasting
  8084 | D:7      | Reached skill level 4 in Evocations
  8261 | D:7      | Found a staircase to the Ecumenical Temple.
  8679 | D:8      | Noticed a two-headed ogre
  8686 | D:8      | Reached skill level 6 in Spellcasting
  8851 | D:5      | Killed a hornet
  8852 | D:5      | Reached skill level 5 in Air Magic
  8994 | D:8      | Noticed Pikel
  9053 | D:8      | Killed Pikel
  9054 | D:8      | Reached skill level 6 in Air Magic
  9054 | D:8      | Reached XP level 10. HP: 61/74 MP: 16/19
  9080 | D:8      | Reached skill level 7 in Air Magic
  9090 | D:8      | Noticed a death yak
  9200 | D:8      | Reached skill level 8 in Air Magic
  9665 | D:8      | Reached skill level 9 in Air Magic
 10085 | D:8      | Noticed a death yak
 10325 | D:8      | Killed a death yak
 10326 | D:8      | Reached skill level 10 in Air Magic
 10326 | D:8      | Reached skill level 6 in Fighting
 10518 | D:8      | Killed a death yak
 10519 | D:8      | Reached skill level 7 in Fighting
 10519 | D:8      | Reached XP level 11. HP: 84/84 MP: 7/20
 10624 | Temple   | Found a transporter.
 10624 | Temple   | Found a transporter.
 10624 | Temple   | Found a transporter.
 10624 | Temple   | Found a transporter.
 10624 | Temple   | Entered the Ecumenical Temple
 10937 | D:8      | Killed a two-headed ogre
 10938 | D:8      | Reached skill level 7 in Spellcasting
 11057 | D:8      | Found a transporter.
 11202 | D:8      | Found a staircase to the Lair.
 11723 | D:8      | Reached skill level 8 in Spellcasting
 12206 | D:9      | Found a staircase to the Orcish Mines.
 13902 | D:9      | Found a staircase to the Orcish Mines.
 14260 | D:10     | Entered Level 10 of the Dungeon
 14292 | D:10     | Found a flagged portal.
 14317 | Bailey   | Entered a bailey
 14357 | Bailey   | Reached skill level 8 in Fighting
 14735 | Bailey   | Noticed an orc knight
 14800 | Bailey   | Killed an orc knight
 15008 | Bailey   | Reached skill level 9 in Fighting
 15065 | Bailey   | Acquired 882 gold pieces
 15068 | Bailey   | Noticed an orc knight
 15127 | Bailey   | Killed an orc knight
 15128 | Bailey   | Reached skill level 3 in Dodging
 15349 | Bailey   | Found an iron altar of Okawaru.
 15358 | Bailey   | Identified the +8 dagger of Mym Cuta {drain, Int+3}
 15411 | Bailey   | Reached skill level 4 in Dodging
 15669 | Bailey   | Reached skill level 5 in Dodging
 15669 | Bailey   | Reached XP level 12. HP: 95/95 MP: 24/24
 15998 | D:2      | Bought Maxwell's Memoranda for 480 gold pieces
 15998 | D:2      | Bought a book of Air for 264 gold pieces
 16003 | D:2      | Learned a level 4 spell: Airstrike
 16009 | D:2      | Learned a level 5 spell: Arcjolt
 16105 | D:4      | Found Saged's Distillery.
 16243 | D:4      | Found a shimmering altar of Xom.
 17048 | D:10     | Noticed a boulder beetle
 17054 | D:10     | Reached skill level 1 in Armour
 17109 | D:10     | Killed a boulder beetle
 17110 | D:10     | Reached skill level 2 in Armour
 17572 | D:10     | Found Aqumukie's Distillery.
 17580 | D:10     | Bought a potion of heal wounds for 70 gold pieces
 17580 | D:10     | Bought a potion of enlightenment for 70 gold pieces
 17580 | D:10     | Bought a potion of haste for 140 gold pieces
 17580 | D:10     | Bought a potion of cancellation for 112 gold pieces
 17580 | D:10     | Bought a potion of curing for 42 gold pieces
 17668 | D:10     | Noticed Urug
 17673 | D:10     | Killed Urug
 17674 | D:10     | Reached skill level 3 in Armour
 17674 | D:10     | Reached skill level 7 in Conjurations
 18063 | Lair:1   | Entered Level 1 of the Lair of Beasts
 18095 | Lair:1   | Reached skill level 4 in Armour
 18103 | Lair:1   | Reached skill level 8 in Conjurations
 18141 | Lair:1   | Identified the +10 great sword of Danine {speed, Str-5
                  | Int+3}
 18603 | Lair:1   | Reached skill level 9 in Conjurations
 19187 | Lair:2   | Reached skill level 10 in Conjurations
 19527 | Lair:2   | Reached XP level 13. HP: 101/101 MP: 12/25
 19738 | Lair:2   | Found a staircase to the Shoals.
 19743 | Lair:2   | Reached skill level 9 in Spellcasting
 20112 | Lair:3   | Reached skill level 10 in Spellcasting
 20123 | Lair:3   | Noticed an eight-headed hydra
 20152 | Lair:3   | Killed an eight-headed hydra
 20440 | Lair:3   | Reached skill level 11 in Spellcasting
 20916 | Lair:3   | Reached skill level 12 in Spellcasting
 21249 | Lair:3   | You fall into a shaft and drop 2 floors!
 21249 | Lair:5   | Entered Level 5 of the Lair of Beasts
 21257 | Lair:5   | Reached skill level 5 in Evocations
 21550 | Lair:4   | Noticed Rupert
 21664 | Lair:5   | Reached skill level 6 in Evocations
 21666 | Lair:5   | Reached skill level 7 in Evocations
 21666 | Lair:5   | Reached XP level 14. HP: 50/108 MP: 7/30
 21967 | Lair:5   | Reached skill level 8 in Evocations
 22891 | Lair:5   | Reached skill level 13 in Spellcasting
 23088 | Lair:5   | Found a viscous altar of Jiyva.
 23088 | Lair:5   | Found a staircase to the Slime Pits.
 24059 | Lair:5   | Reached skill level 14 in Spellcasting
 24241 | Lair:5   | Identified the ring of the Monkey {rC++ EV+5}
 24501 | Lair:4   | Reached skill level 6 in Dodging
 24753 | Lair:3   | Found a hole to the Spider Nest.
 24808 | Lair:3   | Reached skill level 7 in Dodging
 25198 | D:11     | Noticed blacky4's ghost (journeyman VSBr)
 25211 | D:11     | Found a runed translucent gate.
 25211 | D:11     | Found a runed translucent gate.
 25211 | D:11     | Found a runed translucent gate.
 25933 | D:12     | Noticed Kirke
 25936 | D:12     | Reached XP level 15. HP: 113/113 MP: 23/33
 25938 | D:12     | Killed Kirke
 25939 | D:12     | Reached skill level 8 in Dodging
 25953 | D:12     | Found Gocwu's Book Shoppe.
 26936 | D:12     | Reached skill level 10 in Fighting
 27378 | Orc:1    | Entered Level 1 of the Orcish Mines
 27502 | Orc:1    | Found a bloodstained altar of Trog.
 27520 | Orc:1    | Noticed Nergalle
 27586 | Orc:1    | Killed Nergalle
 27815 | Orc:1    | Found a bloodstained altar of Trog.
 27815 | Orc:1    | Found a transporter.
 27815 | Orc:1    | Noticed Frosty's ghost (journeyman DrVM)
 27821 | Orc:1    | Found a transporter.
 27946 | Orc:1    | Noticed Josephine
 27956 | Orc:1    | Reached skill level 5 in Armour
 27959 | Orc:1    | Killed Josephine
 28241 | Orc:2    | Entered Level 2 of the Orcish Mines
 28241 | Orc:2    | Found Mexuesod's Antique Armour Shoppe.
 28610 | Orc:2    | Reached skill level 6 in Armour
 28833 | Orc:2    | Found a staircase to the Elven Halls.
 28849 | Orc:2    | Noticed an orc warlord
 28865 | Orc:2    | Killed an orc warlord
 28866 | Orc:2    | Reached skill level 11 in Air Magic
 28978 | Orc:2    | Found Woecluurine's Antique Weapon Shoppe.
 29168 | Orc:2    | Found Esuci's General Store.
 29407 | Orc:2    | Found Doykuat's Book Boutique.
 29416 | Orc:2    | Bought a book of Fire for 544 gold pieces
 29423 | Orc:2    | Learned a level 6 spell: Plasma Beam
 29432 | Orc:2    | Learned a level 8 spell: Maxwell's Capacitive Coupling
 29557 | Orc:2    | Bought a warped ring mail for 270 gold pieces
 29557 | Orc:2    | Identified the +0 ring mail of Ackefrag {rC+ Int+3} (You
                  | bought it in a shop on level 2 of the Orcish Mines)
 29763 | D:13     | Reached skill level 7 in Armour
 29768 | D:13     | Reached skill level 1 in Fire Magic
 30040 | D:12     | Reached skill level 2 in Fire Magic
 30471 | D:13     | Reached skill level 3 in Fire Magic
 30537 | D:13     | Reached skill level 4 in Fire Magic
 30828 | D:13     | Reached skill level 1 in Shields
 31152 | D:13     | Reached skill level 2 in Shields
 31378 | D:12     | Reached skill level 5 in Fire Magic
 31477 | D:13     | Reached XP level 16. HP: 103/122 MP: 8/34
 32098 | D:14     | Reached skill level 3 in Shields
 32737 | D:14     | Reached skill level 4 in Shields
 32740 | D:14     | Reached skill level 6 in Fire Magic
 32948 | D:14     | Found a gate to the Vaults.
 33402 | D:14     | Reached skill level 5 in Shields
 33516 | D:14     | Identified the ring "Hely" {Ice rElec Slay+2}
 33811 | D:15     | Entered Level 15 of the Dungeon
 33924 | D:14     | Reached skill level 7 in Fire Magic
 34341 | D:15     | Reached skill level 6 in Shields
 34630 | D:15     | Identified the +4 ring mail of the Unseen Realm {rPois
                  | Int+3}
 34937 | D:15     | Reached skill level 8 in Fire Magic
 35252 | D:15     | Reached skill level 7 in Shields
 35332 | D:15     | Found a staircase to the Depths.
 35998 | D:15     | Found a staircase to the Depths.
 36388 | Lair:4   | Killed Rupert
 36788 | Lair:4   | Reached skill level 9 in Fire Magic
 37321 | Shoals:1 | Entered Level 1 of the Shoals
 37331 | Shoals:1 | Reached skill level 8 in Shields
 37818 | Shoals:1 | Reached XP level 17. HP: 128/128 MP: 18/35
 37854 | Shoals:1 | Noticed Jorgrun
 37946 | Shoals:1 | Killed Jorgrun
 37947 | Shoals:1 | Reached skill level 10 in Fire Magic
 39438 | Shoals:2 | Reached skill level 9 in Shields
 39862 | Shoals:2 | Reached skill level 11 in Fighting
 40893 | Shoals:2 | Reached skill level 10 in Shields
 41428 | Shoals:2 | Reached skill level 12 in Fighting
 42532 | Shoals:3 | Reached skill level 11 in Shields
 42752 | Shoals:3 | Reached XP level 18. HP: 141/141 MP: 19/36
 44084 | Shoals:3 | Identified the +4 ring mail of Glamorous Freedom {Contam
                  | rC+++ Dex+4 Stlth+}
 44654 | Shoals:3 | Identified the +8 hand axe of Votzo {pain, rN+ Str-4 Int+3
                  | Dex+2}
 45292 | Shoals:4 | Entered Level 4 of the Shoals
 45663 | Shoals:3 | Reached skill level 13 in Fighting
 46081 | Shoals:4 | Reached skill level 12 in Air Magic
 47388 | Shoals:4 | Noticed Nikola
 47435 | Shoals:4 | Noticed a kraken
 47445 | Shoals:4 | Killed a kraken
 47446 | Shoals:4 | Reached skill level 12 in Shields
 48079 | Shoals:4 | Reached skill level 13 in Air Magic
 49125 | Shoals:4 | Killed Nikola
 49331 | Shoals:4 | Got a barnacled rune of Zot
 49552 | Shoals:4 | Found Plog's Assorted Antiques.
 49553 | Shoals:4 | Noticed Mara
 49566 | Shoals:4 | Noticed EnegeticOcto's illusion
 50611 | Shoals:4 | Bought a potion of heal wounds for 145 gold pieces
 50611 | Shoals:4 | Bought a potion of heal wounds for 145 gold pieces
 51591 | Shoals:4 | Reached skill level 14 in Air Magic
 51592 | Shoals:4 | Identified the +6 great sword "Satunir" {freeze, MP-9 Int+3
                  | Stlth+}
 52124 | Shoals:4 | Noticed EnegeticOcto's illusion
 52131 | Shoals:4 | Killed Mara
 52412 | Spider:1 | Entered Level 1 of the Spider Nest
 52471 | Spider:1 | Reached XP level 19. HP: 127/149 MP: 9/37
 54195 | Spider:2 | Identified the +3 scale mail of Mysticism {rElec Int+4
                  | Slay+2}
 54204 | Spider:2 | Noticed Arachne
 55257 | Spider:2 | Killed Arachne
 55679 | Spider:2 | Reached skill level 15 in Air Magic
 56933 | Spider:3 | Reached skill level 15 in Spellcasting
 57311 | Spider:4 | Entered Level 4 of the Spider Nest
 61653 | Spider:4 | Reached skill level 16 in Air Magic
 62231 | Spider:4 | Reached skill level 16 in Spellcasting
 62231 | Spider:4 | Reached XP level 20. HP: 156/156 MP: 38/40
 62242 | Spider:4 | Got a gossamer rune of Zot
 62580 | Shoals:4 | Bought a gnarled glowing staff for 348 gold pieces
 62774 | Elf:1    | Entered Level 1 of the Elven Halls
 62903 | Elf:1    | Noticed Azrael
 62903 | Elf:1    | Noticed Zenata
 62914 | Elf:1    | Killed Zenata
 62916 | Elf:1    | Killed Azrael
 62994 | Elf:1    | Reached XP level 21. HP: 136/162 MP: 30/41
 63480 | Elf:1    | Paralysed by an air elemental for 1 turns
 63694 | Elf:1    | Reached skill level 17 in Air Magic
 64048 | Elf:1    | Got the Anthology of Concussion
 64111 | Elf:1    | Found Ycakulic's Assorted Antiques.
 64119 | Elf:1    | Bought a fading flail for 306 gold pieces
 64119 | Elf:1    | Identified the +9 flail "Coduhouw" {protect, Will+++ Str+6
                  | Int-4 Dex+2} (You bought it in a shop on level 1 of the
                  | Elven Halls)
 64119 | Elf:1    | Bought a glowing scarf for 288 gold pieces
 64646 | Elf:2    | Found Kokleeth's Distillery.
 64652 | Elf:2    | Bought a potion of heal wounds for 85 gold pieces
 64696 | Elf:2    | Found Wyec's Antique Weapon Emporium.
 64697 | Elf:2    | Paralysed by an air elemental for 1 turns
 64700 | Elf:2    | Paralysed by an air elemental for 1 turns
 64702 | Elf:2    | Paralysed by an air elemental for 1 turns
 64703 | Elf:2    | Reached skill level 14 in Fighting
 64706 | Elf:2    | Paralysed by an air elemental for 1 turns
 64808 | Elf:2    | Bought a faintly glowing scimitar for 252 gold pieces
 64808 | Elf:2    | Identified the +6 scimitar "Bajerchedd" {venom, rN+} (You
                  | bought it in a shop on level 2 of the Elven Halls)
 64902 | Elf:2    | Found a runed translucent gate.
 64904 | Elf:2    | Found a runed translucent gate.
 64904 | Elf:2    | Found a runed translucent gate.
 65022 | Elf:2    | Paralysed by an air elemental for 1 turns
 65177 | Elf:3    | Entered Level 3 of the Elven Halls
 66464 | Elf:3    | Found Nucoy's Magic Scroll Shop.
 66470 | Elf:3    | Bought a scroll of enchant armour for 135 gold pieces
 66470 | Elf:3    | Bought a scroll of enchant armour for 135 gold pieces
 66470 | Elf:3    | Bought a scroll of enchant armour for 135 gold pieces
 66585 | Elf:3    | Found Zonieji's Antique Weapon Shop.
 66930 | Elf:3    | Found Sazxamuy's Book Shop.
 67198 | Elf:3    | Found Roawoeq's Armour Shop.
 67222 | Elf:3    | Found Nurruot's General Store.
 67230 | Elf:3    | Bought 2 scrolls of blinking for 165 gold pieces
 67230 | Elf:3    | Bought a scroll of teleportation for 33 gold pieces
 67247 | Elf:3    | Found Xeczo's Distillery.
 67251 | Elf:3    | Found Qup Vouf's Armour Boutique.
 67255 | Elf:3    | Bought 2 potions of heal wounds for 170 gold pieces
 67812 | Elf:3    | Reached skill level 18 in Air Magic
 67882 | Elf:3    | Reached skill level 15 in Fighting
 68255 | Elf:3    | Identified the amulet "Konuam" {Faith Str+5}
 68295 | Elf:3    | Identified the +1 leather armour of the Trombone {Harm rC++
                  | Int+2 Slay-4}
 68332 | Elf:3    | Identified the amulet "Raoneddi" {Faith Fragile rN++
                  | Will++}
 68405 | Elf:2    | Reached skill level 13 in Shields
 68585 | Elf:3    | Reached XP level 22. HP: 144/175 MP: 25/42
 68878 | Elf:3    | Paralysed by an air elemental for 1 turns
 69557 | Elf:3    | Found the +6 lightning scales {swift, rElec}
 69570 | Elf:3    | Identified the staff of Wyrd {rElec rF- rN+ SInv Air}
 69602 | Elf:3    | Identified the +5 hand axe of Suvomn {venom, *Slow rF+
                  | Will+ Str+2}
 69608 | Elf:3    | Reached skill level 14 in Shields
 69653 | Elf:3    | Identified the ring "Acoracw" {Ice Will+}
 70102 | Vaults:1 | Entered Level 1 of the Vaults
 70352 | Vaults:1 | Identified the +2 leather armour of Cutuwim {Harm Dex+5}
 70404 | Vaults:1 | Noticed Norris
 70912 | Vaults:1 | Found Vapt's Weapon Boutique.
 71444 | Vaults:1 | Reached skill level 8 in Armour
 71470 | Vaults:1 | Killed Norris
 71731 | Vaults:1 | Paralysed by a great orb of eyes for 2 turns
 72352 | Vaults:2 | Reached skill level 9 in Armour
 72716 | Vaults:2 | Reached skill level 16 in Fighting
 72762 | Vaults:2 | Found a staircase to the Crypt.
 73401 | Temple   | Became a worshipper of Yredelemnul the Dark
 73709 | Vaults:2 | Reached * piety under Yredelemnul
 73724 | Vaults:2 | Reached ** piety under Yredelemnul
 73970 | Vaults:2 | Reached *** piety under Yredelemnul
 74020 | Vaults:2 | Found Uniu's Weapon Shop.
 74029 | Vaults:2 | Bought 6 curare-tipped darts for 129 gold pieces
 74114 | Vaults:2 | Reached skill level 17 in Spellcasting
 74173 | Vaults:2 | Reached **** piety under Yredelemnul
 74299 | Vaults:2 | Found a portal to a secret trove of treasure.
 74704 | Vaults:3 | Found Vuac's General Store.
 74708 | Vaults:3 | Bought a scroll of blinking for 120 gold pieces
 74722 | Vaults:3 | Reached XP level 23. HP: 184/184 MP: 32/44
 74947 | Vaults:3 | Reached skill level 10 in Armour
 75257 | Vaults:3 | Reached ***** piety under Yredelemnul
 75407 | Vaults:3 | Acquired 1174 gold pieces
 75433 | Vaults:3 | Reached ****** piety under Yredelemnul
 75830 | Vaults:3 | Paralysed by a formless jellyfish for 1 turns
 75989 | Vaults:3 | Reached skill level 17 in Fighting
 76121 | Vaults:3 | Identified the +3 pair of gloves of Xalil {rElec Dex+3}
 76411 | Vaults:4 | Noticed Frederick
 76527 | Vaults:4 | Killed Frederick
 76696 | Vaults:4 | Reached skill level 18 in Spellcasting
 76992 | Vaults:4 | Reached skill level 18 in Fighting
 77492 | Vaults:4 | Identified the +3 battleaxe of the Hidden Vale {venom, Fly
                  | rF+ Str+5}
 77941 | Vaults:4 | Reached XP level 24. HP: 197/197 MP: 29/45
 78254 | Depths:1 | Entered Level 1 of the Depths
 78302 | Depths:1 | Reached skill level 9 in Dodging
 78309 | Depths:1 | Reached skill level 9 in Evocations
 78545 | Depths:1 | Found a one-way gate leading to the halls of Pandemonium.
 78608 | Depths:1 | Found Mobuesm's Magic Scroll Shoppe.
 78655 | Depths:1 | Found Cirohen's Distillery.
 78655 | Depths:1 | Found Libukhemn's Jewellery Emporium.
 78658 | Depths:1 | Found Nemuax's Assorted Antiques.
 79005 | Depths:1 | Found a hide-covered altar of Uskayaw.
 79049 | Depths:1 | Found an ornate altar of the Wu Jian Council.
 79050 | Depths:1 | Found a gateway to Hell.
 79645 | Orc:2    | Bought transparent shadow dragon scales for 2550 gold
                  | pieces
 79645 | Orc:2    | Identified the +5 shadow dragon scales of the Treeataur
                  | {Str+3 Int+3 Stlth++++} (You bought it in a shop on level 2
                  | of the Orcish Mines)
 79932 | Depths:2 | Noticed a juggernaut
 79933 | Depths:2 | Noticed Asterion
 79935 | Depths:2 | Killed Asterion
 79945 | Depths:2 | Killed a juggernaut
 79953 | Depths:2 | Your ally Asterion died
 79956 | Depths:2 | Reached skill level 10 in Dodging
 79957 | Depths:2 | Reached skill level 10 in Evocations
 80117 | Depths:2 | Reached skill level 19 in Air Magic
 80117 | Depths:2 | Noticed a juggernaut
 80199 | Abyss:2  | Cast into level 2 of the Abyss (a wizard)
 80252 | Abyss:2  | Found a corrupted altar of Lugonu.
 80483 | Abyss:4  | Reached skill level 11 in Evocations
 80489 | Abyss:4  | Gained mutation: Armour fits poorly on your strangely
                  | shaped body. [a neqoxec]
 80491 | Depths:2 | Escaped the Abyss
 81380 | Depths:2 | Killed a juggernaut
 81662 | Depths:2 | Found Ceisi's Hallowed Reliquary.
 81662 | Depths:2 | Found a glowing golden altar of the Shining One.
 81855 | Depths:2 | Found a one-way gate to the infinite horrors of the Abyss.
 81923 | Depths:2 | Reached XP level 25. HP: 204/204 MP: 34/45
 81996 | Depths:2 | Identified the +0 helmet of Ulyegeit {rC- rCorr MP+9}
 82157 | Depths:3 | Found Xuz Souroy's Antique Weapon Shoppe.
 82160 | Depths:3 | Reached skill level 12 in Evocations
 82223 | Depths:3 | Noticed a juggernaut
 82328 | Depths:2 | Reached skill level 20 in Air Magic
 82603 | Depths:3 | Killed a juggernaut
 83218 | Depths:3 | Found Uhashriuf's Antique Armour Shoppe.
 83237 | Depths:3 | Found Fetotiwua's Antique Armour Shoppe.
 83621 | Depths:3 | Found the +3 greatsling "Punk" {acid, rCorr}
 83718 | Depths:3 | Got the Guide on Turbulent Leadership
 83908 | Depths:3 | Found Nirufor's Book Boutique.
 84002 | Depths:4 | Entered Level 4 of the Depths
 84009 | Depths:4 | Noticed a caustic shrike
 84129 | Depths:4 | Noticed a caustic shrike
 84129 | Depths:4 | Noticed a caustic shrike
 84129 | Depths:4 | Noticed a caustic shrike
 84130 | Depths:4 | Noticed a caustic shrike
 84138 | Depths:3 | Killed a caustic shrike
 84264 | Depths:3 | Killed a caustic shrike
 84524 | Depths:3 | Killed a caustic shrike
 84527 | Depths:3 | Killed a caustic shrike
 84732 | Depths:4 | Killed a caustic shrike
 84919 | Depths:4 | Reached skill level 19 in Fighting
 85068 | Depths:4 | Identified the +0 lajatang "Kethej" {venom, Int+3 Dex-4
                  | Stlth+}
 85496 | Depths:4 | Found a one-way gateway to a ziggurat.
 85583 | Depths:3 | Bought a shimmering helmet for 456 gold pieces
 85583 | Depths:3 | Identified the +1 helmet "Bipt" {Str+2 Int+3} (You bought
                  | it in a shop on level 3 of the Depths)
 85695 | Depths:4 | Reached skill level 19 in Spellcasting
 85991 | Depths:4 | Found a gate to the Realm of Zot.
 86772 | Vaults:4 | Acquired the ring of Due Proportion {rCorr MP+9 Str+4
                  | Slay+4}
 86804 | Vaults:5 | Entered Level 5 of the Vaults
 86980 | Vaults:5 | Noticed an ancient lich
 86984 | Vaults:5 | Killed an ancient lich
 87395 | Vaults:5 | Identified the +3 leather armour of Mumblety Peg {Rampage
                  | Int+3}
 87572 | Vaults:5 | Reached XP level 26. HP: 217/217 MP: 10/46
 87914 | Vaults:5 | Reached skill level 20 in Fighting
 88184 | Vaults:5 | Reached skill level 20 in Spellcasting
 88622 | Vaults:5 | Reached skill level 11 in Armour
 88635 | Vaults:5 | Reached skill level 13 in Evocations
 88653 | Vaults:5 | Identified the +5 battleaxe of Peace {flame, Will++}
 89149 | Vaults:5 | Got a silver rune of Zot
 89547 | Vaults:5 | Reached skill level 12 in Armour
 89555 | Vaults:5 | Identified the +8 orcbow "Wuexooloh" {freeze, *Slow Fly
                  | Will++}
 90285 | Vaults:5 | Identified the +6 short sword "Zesuwkao" {freeze, rN+ MP+9
                  | Str+2}
 90457 | Vaults:5 | Identified the +1 leather armour of Repulsion {rC+}
 90465 | Vaults:5 | Found the ring of the Octopus King {Wiz HP+2 AC+2 EV+2
                  | SH+2}
 90584 | Vaults:5 | Reached skill level 14 in Evocations
 90848 | Vaults:5 | Found the +3 giant club "Skullcrusher" {speed, Str+7}
 90879 | Vaults:5 | Identified the staff "Riunes" {rF- rN+ Str+4 Conj}
 91319 | Zot:1    | Entered Level 1 of the Realm of Zot
 91407 | Depths:2 | Bought a potion of heal wounds for 70 gold pieces
 91407 | Depths:2 | Bought a potion of heal wounds for 70 gold pieces
 91407 | Depths:2 | Bought 2 potions of heal wounds for 140 gold pieces
 91407 | Depths:2 | Bought a potion of curing for 42 gold pieces
 91407 | Depths:2 | Bought a potion of curing for 42 gold pieces
 91407 | Depths:2 | Bought a potion of curing for 42 gold pieces
 91464 | Depths:1 | Bought a scroll of teleportation for 57 gold pieces
 91464 | Depths:1 | Bought a scroll of fear for 76 gold pieces
 91464 | Depths:1 | Bought a scroll of enchant armour for 142 gold pieces
 91468 | Depths:1 | Bought a potion of brilliance for 48 gold pieces
 91468 | Depths:1 | Bought a potion of invisibility for 96 gold pieces
 91468 | Depths:1 | Bought a potion of brilliance for 48 gold pieces
 91468 | Depths:1 | Bought a potion of haste for 120 gold pieces
 91471 | Depths:1 | Bought a potion of heal wounds for 180 gold pieces
 91584 | Zot:2    | Noticed a shard shrike
 91649 | Zot:2    | Noticed a curse toe
 91666 | Zot:2    | Killed a curse toe
 91667 | Zot:2    | Reached XP level 27. HP: 120/224 MP: 19/47
 92196 | Zot:2    | Reached skill level 13 in Armour
 92528 | Zot:3    | Reached skill level 15 in Evocations
 92757 | Zot:4    | Learned a level 1 spell: Apportation
 92762 | Zot:4    | Learned a level 4 spell: Vhi's Electric Charge
 92767 | Zot:4    | Learned a level 4 spell: Iskenderun's Mystic Blast
 92780 | Zot:5    | Entered Level 5 of the Realm of Zot
 93222 | Zot:5    | Reached skill level 14 in Armour
 93278 | Zot:5    | Found Viroeki's CLEARANCE SALE!.
 93519 | Zot:5    | Noticed a Killer Klown
 93524 | Zot:5    | Killed a Killer Klown
 93559 | Zot:5    | Noticed a Killer Klown
 93566 | Zot:5    | Killed a Killer Klown
 93567 | Zot:5    | Reached skill level 16 in Evocations
 93667 | Zot:5    | Killed an ancient lich
 93671 | Zot:5    | Noticed a dread lich
 93676 | Zot:5    | Killed a dread lich
 93858 | Zot:5    | Noticed an ancient lich
 93863 | Zot:5    | Killed an ancient lich
 94596 | Zot:5    | Noticed a Killer Klown
 94601 | Zot:5    | Killed a Killer Klown
 94965 | Zot:5    | Reached skill level 17 in Evocations
 95020 | Zot:5    | Noticed a Killer Klown
 95024 | Zot:5    | Killed a Killer Klown
 95445 | Zot:5    | Noticed a dread lich
 95448 | Zot:5    | Killed a dread lich
 95681 | Zot:5    | Noticed a Killer Klown
 95687 | Zot:5    | Killed a Killer Klown
 96112 | Zot:5    | Noticed an orb of fire
 96116 | Zot:5    | Killed an orb of fire
 97483 | Zot:5    | Reached skill level 18 in Evocations
 97632 | Zot:5    | Noticed an orb of fire
 97636 | Zot:5    | Killed an orb of fire
 98357 | Zot:5    | Noticed a dread lich
 98365 | Zot:5    | Killed a dread lich
 98938 | Zot:5    | Noticed an ancient lich
 98949 | Zot:5    | Noticed Zosaff the pandemonium lord
 98949 | Zot:5    | Got the Orb of Zot
 99129 | Depths:4 | Noticed Ilaipp the pandemonium lord
 99133 | Depths:4 | Killed Ilaipp the pandemonium lord
 99535 | D:3      | Reached skill level 19 in Evocations
 99633 | D:$      | Escaped with the Orb!

Illustrated notes

Levels and vault maps discovered:
D:1:      dpeg_arrival_circle_labyrinth_c, layout_basic,
          shapermc_ecumenical_altar_totnotflames, amcnicky_mini_corridor_feature
D:2:      layout_basic, serial_shops, shop, minmay_misc_feat_encased
D:3:      layout_rooms, serial_co_window_serial, co_window_cross_1,
          co_window_of_opportunity_a, co_window_paths_a,
          co_window_of_opportunity_a, co_window_of_opportunity_a,
          co_window_broadway_c, co_window_corner_b, co_window_corner_cb,
          co_window_unsneaky_path_d, glass_columns_c, glass_columns_a,
          glass_columns_b, uniq_natasha
D:4:      layout_loops_ring, led_xom_imps, kennysheep_diamond, uniq_sigmund
D:5:      layout_basic, serial_shops, shop, minmay_fire_ice_demons
D:6:      layout_basic, nicolae_eternal_life, minmay_misc_feat_room
D:7:      layout_rooms, nicolae_overflow_hidden_temple,
          minmay_temple_entry_from_below_a
D:8:      layout_cave_pools, grunt_lair_entry_orc_guard_hut, serial_ice,
          serial_ice_f, serial_ice_k, serial_ice_a, serial_ice_d, serial_ice_c,
          serial_ice_b, serial_ice_g, serial_ice_o, nicolae_diode_basic,
          uniq_pikel
D:9:      layout_irregular_city, david_orc_3
D:10:     layout_basic, serial_shops, nicolae_shop_industrial_runoff,
          enter_bailey_3, uniq_urug
D:11:     layout_long_grid, gammafunk_ghost_split, nicolae_looking_at_the_future
D:12:     minmay_cornered_nines, layout_gridville, serial_shops, shop,
          uniq_kirke
D:13:     layout_loops_corners
D:14:     layout_roguey, david_vaults_4, chequers_serial_rivers_large_a,
          kennysheep_inner_square
D:15:     hangedman_depths_entry_try_elsewhere_first, layout_loops_cross
Temple:   hellmonk_temple_divided_pantheon
Lair:1:   layout_roguey, minivault_24
Lair:2:   layout_cave_pods, minmay_shoals_entry_hut
Lair:3:   layout_hall_layers, hellmonk_spider_entry_life_and_decay,
          grunt_megastairs_1
Lair:4:   layout_loops_ring, st_stairs_10, wad_woods_road_04,
          lemuel_fruit_fields, lemuel_fruit_tree, serial_bayou_shore_a,
          uniq_rupert
Lair:5:   minmay_lair_end_frog_pond, layout_hall_layers,
          dpeg_slime_entry_enclosed
Shoals:1: layout_shoals, nicolae_shoals_lost_giant_pillars, uniq_jorgrun
Shoals:2: cheibrodos_shoals_satyrical_garden, layout_shoals, kb_tengu_band
Shoals:3: layout_shoals
Shoals:4: shoals_end_simple, layout_shoals, serial_shops, shop, uniq_nikola,
          uniq_mara
Spider:1: layout_spider_delve
Spider:2: layout_cave_pods, uniq_arachne
Spider:3: layout_spider_delve, nicolae_spider_spiderdrome
Spider:4: spider_rune_water
Orc:1:    layout_diamond_mine, basic_altar, gammafunk_ghost_wrathful_warriors,
          uniq_nergalle, uniq_josephine
Orc:2:    grunt_orc_gardens, layout_caves, grunt_orc_garden, grunt_orc_garden,
          grunt_orc_garden, grunt_orc_garden, basic_altar,
          nicolae_orc_damp_corner
Elf:1:    layout_onion_city, serial_shops, nicolae_shop_peninsula,
          minmay_elf_annihilation, uniq_azrael, uniq_zenata
Elf:2:    elven_hall_of_blades_hangedman_original [nicolae_blade_tridents],
          layout_geoelf_diagonals, serial_shops, nicolae_shop_industrial_runoff,
          shop_fountains
Elf:3:    minmay_elf_hall_four_x, layout_loops_corners, serial_shops, shop,
          shop, nicolae_shop_advertising_works [nicolae_subvault_shop_adworks],
          shop, nicolae_shop_behind_doors, feat_on_display, grunt_megastairs_4,
          minmay_shop_star
Vaults:1: nicolae_vaults_sesquioval_fish,
          nicolae_vaults_taking_the_gang_shopping,
          nicolae_vaults_heart-shaped_vault, ontoclasm_vaults_misaligned,
          v_misc_11, nicolae_vaults_prndl, hangedman_vaults_stagger, v_misc_30,
          nicolae_vaults_trapezoid_lopsided_1, vaults_room_semicircle,
          vaults_room_stairs_pillars, layout_vaults_omnicross, uniq_norris
Vaults:2: nicolae_vaults_cornered_office, v_misc_30, v_misc_18, v_misc_24,
          ontoclasm_vaults_loading_screen, vaults_dpeg_emergency_exit,
          nicolae_vaults_weapon_check, layout_vaults_quadrants,
          minmay_crypt_entry_simple_statues, nicolae_trove_entry_path_of_doom,
          serial_shops, nicolae_shop_just_a_little_nook
Vaults:3: nicolae_vaults_halls_meeting, hangedman_vaults_restitches,
          nicolae_vaults_closet_pinwheel_5, vaults_dpeg_diagonal,
          ontoclasm_vaults_decontamination, nicolae_vaults_bisected_slash,
          nicolae_vaults_octothorpe, vaults_dpeg_hooks,
          nicolae_vaults_storage_room_water, v_pattern_2, vaults_room_hallway,
          nicolae_vaults_little_squares_4, nicolae_vaults_offset_grid_hallway_1,
          nicolae_vaults_wrenched, nicolae_vaults_house_2,
          layout_vaults_maze_bifur, serial_shops, shop
Vaults:4: nicolae_vaults_two_Ls, v_rooms_1, v_rooms_4,
          nicolae_vaults_octothorpe, hangedman_vaults_stream, v_misc_4,
          ontoclasm_vaults_pinch, hangedman_vaults_river_flow,
          vaults_standard_mumra_enter_the_diamond,
          nicolae_vaults_little_squares_4, layout_vaults_big_room,
          uniq_frederick
Vaults:5
Depths:1: layout_gridlike, nicolae_uskayaw_suspiria, pan_entry, hell_entry,
          nzn_wu_jian_council_hall, minmay_shoptagon
Depths:2: minmay_the_grid_octo_tiled_squarecenter_mashed
          [minmay_the_grid_octo_horde, minmay_the_grid_octo_tetromino_candy,
          minmay_the_grid_octo_concentric, minmay_the_grid_octo_pinwheel,
          minmay_the_grid_square_5x5_megaprize_diamond,
          minmay_the_grid_square_5x5_misaligned, minmay_the_grid_square_5x5_six,
          minmay_the_grid_square_5x5_bite, minmay_the_grid_square_5x5_shrine2],
          layout_gridlike, abyss_entry, rand_demon_pan_entry_3, hell_entry,
          nicolae_good_shop, infiniplex_staircase_split_hallway, uniq_asterion
Depths:3: minmay_strange_plus, layout_cave_shapes,
          abyss_entry_small_statue_room, corexii_corridor_pit, hellmouth_1,
          serial_shops, nicolae_lakefront_shop, shop,
          nicolae_shop_tiny_waterfront, nicolae_lakefront_shop
Depths:4: grunt_zot_entry_tricorne, layout_small_grid, enter_ziggurat_a,
          abyss_entry, hell_entry, nrook_pool_corridor, horrible_house_mu,
          uniq_josephina
Zot:1:    layout_gridlike
Zot:2:    layout_gridlike, ebering_ghost_reflecting_pool,
          hangedman_zot_spectrum, grunt_megastairs_2
Zot:3:    layout_gridlike
Zot:4:    layout_gridlike
Zot:5:    layout_basic, nicolae_shop_clearance

Skill      XL: |  1  2  3  4  5  6  7  8  9 10 11 12 13 14 15 16 17 18 19 20 21 22 23 24 25 26 27 |
---------------+----------------------------------------------------------------------------------+-----
Summonings     | 2 3 |  3.0
Stealth        | 3 |  3.0
Fighting       | 2 5 7 9 10 12 13 15 16 18 19 20 | 20.0
Air Magic      | 1 2 4 6 10 11 14 16 18 19 20 | 20.0
Poison Magic   | 1 |  1.0
Conjurations   | 2 4 6 10 | 10.0
Spellcasting   | 4 6 8 12 14 16 17 18 19 20 | 20.0
Evocations     | 1 4 7 8 11 12 14 19 | 19.0
Dodging        | 5 7 8 10 | 10.0
Armour         | 4 7 9 10 12 14 | 14.0
Fire Magic     | 5 9 10 | 10.0
Shields        | 2 8 11 12 13 14 | 14.0
Translocations | |  1.0

Action                     |  1- 3 |  4- 6 |  7- 9 | 10-12 | 13-15 | 16-18 | 19-21 | 22-24 | 25-27 || total
---------------------------+-------+-------+-------+-------+-------+-------+-------+-------+-------++-------
  Melee: Dagger            |    41 |   144 |   259 |   411 |   206 |   186 |    38 |       |       ||  1285
         Punch             |     1 |     2 |     4 |     8 |     4 |       |       |       |       ||    19
         Staff             |       |       |       |       |       |       |    29 |   125 |    31 ||   185
  Throw: Dart              |       |       |       |     3 |     5 |       |       |       |       ||     8
   Cast: Magic Dart        |    30 |    50 |    47 |    75 |       |       |       |       |       ||   202
         Call Imp          |    13 |    30 |    37 |    65 |       |       |       |       |       ||   145
         Mephitic Cloud    |       |       |     5 |    51 |     1 |       |       |       |       ||    57
         Blink             |       |       |       |    12 |     5 |       |       |       |     1 ||    18
         Airstrike         |       |       |       |    74 |   371 |   340 |   180 |    33 |     6 ||  1004
         Arcjolt           |       |       |       |    27 |   185 |   200 |   118 |    77 |    30 ||   637
         Plasma Beam       |       |       |       |       |       |   206 |   250 |   455 |   342 ||  1253
         Maxwell's Capacit |       |       |       |       |       |       |     2 |     3 |    82 ||    87
         Apportation       |       |       |       |       |       |       |       |       |     6 ||     6
  Evoke: Wand              |       |       |     2 |    19 |     1 |    10 |    20 |     3 |     3 ||    58
         Lightning rod     |       |       |       |       |       |    10 |    10 |     7 |     3 ||    30
         Phial of floods   |       |       |       |       |       |     1 |     3 |     1 |       ||     5
    Use: Scroll            |       |     3 |    10 |     6 |    12 |     8 |     8 |     4 |    21 ||    72
         Potion            |       |       |       |     2 |     1 |     2 |     4 |     6 |     9 ||    24
   Stab: Sleeping          |     3 |     1 |     4 |     1 |       |       |       |       |       ||     9
         Distracted        |       |       |     1 |     4 |       |       |       |     1 |       ||     6
         Confused          |       |       |     1 |    16 |       |       |       |       |       ||    17
 Armour: Robe              |    16 |    38 |   117 |   253 |       |       |       |       |       ||   424
         Ring mail         |       |       |       |    23 |   248 |   426 |   326 |   285 |   290 ||  1598
  Dodge: Dodged            |    22 |    89 |   192 |   369 |   389 |   333 |   195 |   196 |   205 ||  1990
  Block: Kite shield       |       |       |       |       |    21 |   338 |   226 |   267 |   190 ||  1042

Table legend: (Time is in decaauts)
 A = Elapsed time spent in this place.
 B = Non-inter-level travel time spent in this place.
 C = Inter-level travel time spent in this place.
 D = Time resting spent in this place.
 E = Time spent auto-exploring this place.
 F = Levels seen in this place.
 G = Mean time per level.
                   A        B        C        D        E       F      G
               +--------+--------+--------+--------+--------+-----+--------+
         Total | 100010 |  92722 |   7288 |  37732 |  40853 |  52 | 1923.3 |
       Dungeon |  27388 |  23805 |   3583 |   4357 |  15228 |  15 | 1825.9 |
        Temple |     58 |     49 |      9 |      0 |      0 |   1 |   58.0 |
          Lair |   9116 |   8705 |    411 |   2398 |   4908 |   5 | 1823.2 |
        Shoals |  14676 |  14200 |    476 |   9388 |   3096 |   4 | 3669.0 |
   Spider Nest |   9831 |   9539 |    292 |   6714 |   1938 |   4 | 2457.8 |
  Orcish Mines |   2321 |   2103 |    218 |    357 |   1303 |   2 | 1160.5 |
   Elven Halls |   7149 |   6949 |    200 |   3111 |   2980 |   3 | 2383.0 |
        Vaults |  12136 |  11288 |    848 |   2606 |   6791 |   5 | 2427.2 |
        Depths |   8059 |   7048 |   1011 |   1799 |   3958 |   4 | 2014.8 |
           Zot |   7491 |   7255 |    236 |   6490 |    175 |   5 | 1498.2 |
         Abyss |    291 |    291 |      0 |     34 |      0 |   3 |   97.0 |
        Bailey |   1490 |   1490 |      0 |    478 |    475 |   1 | 1490.0 |
               +--------+--------+--------+--------+--------+-----+--------+

Top non-repeatable levels by time:
   Zot:5: 6062 daAuts
Shoals:4: 5429 daAuts
   Elf:3: 4311 daAuts
Vaults:5: 4190 daAuts
Spider:4: 3818 daAuts
Shoals:3: 3608 daAuts
  Lair:5: 3208 daAuts
Shoals:1: 3094 daAuts
     D:9: 2935 daAuts
Spider:3: 2624 daAuts
    D:13: 2558 daAuts
Shoals:2: 2544 daAuts
     D:4: 2543 daAuts
Vaults:1: 2542 daAuts
     D:8: 2491 daAuts
